 Dungeon Crawl Stone Soup version 0.24.0-123-gd5b16e6ec5 (webtiles) character file.

Game seed: 12776244975460375618, levelgen mode: deterministic

56069 Bluestream the Warrior (level 14, -7/138 HPs)
             Began as a Minotaur Berserker on Feb 2, 2020.
             Was a High Priest of Trog.
             Mangled by a sun demon (18 damage)
             ... summoned by an orc sorcerer
             ... while paralysed by an orc sorcerer
             ... on level 2 of the Orcish Mines.
             The game lasted 00:55:17 (23137 turns).

Bluestream the Warrior (Minotaur Berserker)        Turns: 23137, Time: 00:55:17

Health: -7/138     AC:  5    Str: 26    XL:     14   Next: 40%
Magic:  13/13      EV:  2    Int:  4    God:    Trog [*****.]
Gold:   1691       SH:  0    Dex: 11    Spells: 13/13 levels left

rFire    x . .     SeeInvis .   X - +1 great mace (crush)
rCold    + + .     Gourm    .   (shield currently unavailable)
rNeg     . . .     Faith    .   D - +1 plate armour
rPois    .         Spirit   .   (helmet restricted)
rElec    .         Reflect  .   n - +0 cloak
rCorr    .         Harm     .   R - +0 pair of gloves
MR       +....                  V - +0 pair of boots
Stlth    ..........             A - amulet of rage
HPRegen  0.33/turn              y - ring of ice
MPRegen  0.13/turn              G - ring of protection from cold

@: paralysed, corroded
A: retaliatory headbutt, horns 2
a: Berserk, Trog's Hand, Brothers in Arms, Renounce Religion, Evoke Berserk Rage


You were on level 2 of the Orcish Mines.
You worshipped Trog.
Trog was extremely pleased with you.
You were not hungry.

You visited 3 branches of the dungeon, and saw 21 of its levels.
You also visited: Sewer.

You collected 1691 gold pieces.

Inventory:

Hand Weapons
 N - a +4 antimagic mace
 X - a +1 great mace of crushing (weapon)
Armour
 g - a +0 shield
 n - a +0 cloak (worn)
 D - a +1 plate armour (worn)
 R - a +0 pair of gloves (worn)
 V - a +0 pair of boots (worn)
Jewellery
 r - a +6 ring of intelligence
 y - a ring of ice (left hand)
 A - an amulet of rage (around neck)
 G - a ring of protection from cold (right hand)
 Y - an uncursed ring of ice
Wands
 a - a wand of flame (10)
 u - a wand of paralysis (10)
 E - a wand of enslavement (14)
 J - a wand of clouds (4)
 K - a wand of polymorph (31)
 O - a wand of iceblast (11)
 Z - a wand of random effects (5)
Scrolls
 f - a scroll of random uselessness {unknown}
 h - 5 scrolls of amnesia
 i - 6 scrolls of fear
 j - 3 scrolls of fog
 o - 6 scrolls of remove curse
 p - a scroll of magic mapping
 q - 2 scrolls of immolation
 s - 4 scrolls of teleportation
 t - a scroll of enchant weapon
 x - a scroll of blinking
 F - 2 scrolls of identify
 H - a scroll of torment {unknown}
 M - a scroll of enchant armour
 S - 2 scrolls of noise {unknown}
 T - a scroll of brand weapon {unknown}
Potions
 b - 3 potions of ambrosia
 d - 2 potions of degeneration
 e - 10 potions of curing
 k - 8 potions of heal wounds
 l - a potion of agility
 m - 5 potions of lignification
 v - 3 potions of might
 w - a potion of magic
 z - 7 potions of haste
 B - 3 potions of cancellation
 C - a potion of berserk rage
 I - 4 potions of invisibility
 L - a potion of resistance
 P - 2 potions of brilliance
 Q - 2 potions of mutation
 W - a potion of flight
Comestibles
 c - 18 rations


   Skills:
 * Level 16.3 Fighting
 * Level 16.3 Maces & Flails
 + Level 12.1 Armour
 + Level 11.1 Dodging
 - Level 9.3 Shields


You had 13 spell levels left.
You didn't know any spells.
Your spell library was empty.

Dungeon Overview and Level Annotations

Branches:
Dungeon (13/15)            Temple (0/1) D:4            Lair (6/6) D:11
 Shoals (0/4) Lair:4        Snake (0/4) Lair:2        Slime (0/5) Lair:6
    Orc (2/2) D:10          Sewer (visited)
    Elf: Orc:2       Vaults: D:13-14

Altars:
Ashenzari
Cheibriados
Dithmenos
Hepliaklqana
Makhleb
Nemelex Xobeh
Sif Muna
Trog
Vehumet
Wu Jian
Yredelemnul
Beogh
Jiyva

Shops:
D:5 *?*:%   D:6 [

Annotations:
D:12 3 runed translucent doors, Johnny's ghost, journeyman DgEE
Lair:3 exclusion: 3 oklob plants


Innate Abilities, Weirdness & Mutations

You reflexively headbutt those who attack you in melee.
You have a pair of horns on your head.


Message History

The sun demon closely misses you.
The orc wizard mumbles some strange words.
The orc wizard seems to speed up.
The orc priest looks satisfied for a moment.
The orc high priest mumbles some strange prayers to Beogh.
You hear a shout!
There is a stone staircase leading up here.
Your library has no spells.
The orc wizard casts a spell.
The orc wizard blinks!
The sun demon misses you.
The orc warrior hits you from afar with a +0 halberd!
* * * LOW HITPOINT WARNING * * *
The orc sorcerer casts a spell at you.
You suddenly lose the ability to move!
The sixfirhy disappears in a puff of smoke!
The orc wizard hits you but does no damage.
The sun demon hits you!!
* * * LOW HITPOINT WARNING * * *
You are engulfed in flames!!
The fire burns you terribly!
You die...

#......###.......
##.........#......
##.......).........
######........)......#.
.............#........
......................
.........#o.o........#
...#.3...o3o.......###
..oo...o)@ยง4.....###
.....4....oO....##
##.................
#.........#......#.#
#...#....o.##.....##
.#.#.##............#
.... ...... ..##.## ..
....... ... ##


You could see an orc high priest, a sun demon, a hellwing, a rust devil, a
ynoxinul, an orc sorcerer, an orc warrior, an ogre, 2 orc priests, 3 orc wizards
and an orc.

Vanquished Creatures
  A fire dragon (Lair:6)
  Fannar (Lair:3)
  4 hydras
  2 catoblepae
  2 two-headed ogres (D:11)
  10 death yaks
  An unseen horror (D:11)
  Pikel (D:7)
  An orc knight (Orc:1)
  2 lindwurms (Lair:6)
  A wolf spider (Lair:6)
  A manticore (D:11)
  A cyclops (D:13)
  6 elephants
  8 black mambas
  A guardian serpent (Lair:6)
  16 spiny frogs
  5 torpor snails (Lair:6)
  5 komodo dragons
  2 rime drakes
  2 trolls
  A polar bear (Lair:3)
  8 hornets (Lair:6)
  3 tyrant leeches (Lair:6)
  7 blink frogs
  14 hippogriffs
  4 redbacks (Lair:6)
  10 wyverns
  37 yaks
  4 basilisks
  Menkaure (D:6)
  A naga (Lair:2)
  Edmund (D:6)
  The ghost of Xerdoz the Covered, an amateur GrFi of Okawaru (D:3)
  An acid dragon (D:11)
  14 porcupines
  23 water moccasins
  Duvessa (D:7)
  7 orc warriors
  2 sky beasts
  2 slaves (D:7)
  2 black bears
  4 ice beasts
  10 ogres
  2 centaurs
  A phantom (D:7)
  A necrophage (D:11)
  13 crocodiles
  19 bullfrogs
  5 big kobolds
  A gnoll sergeant (D:7)
  Dowan (D:7)
  5 scorpions
  2 wyvern skeletons
  9 killer bees
  5 wights (D:11)
  2 howler monkeys
  3 electric eels (Lair:2)
  8 crimson imps
  2 centaur zombies
  3 hounds
  A quasit (D:6)
  The ghost of Descartes the Sneak, a weakling FeMo (D:3)
  Crazy Yiuf (D:6)
  6 orc priests
  A centaur skeleton (D:10)
  3 orc wizards
  Jessica (D:2)
  5 bullfrog skeletons
  5 iguanas
  9 worker ants
  A hound zombie (D:5)
  8 gnolls
  10 adders
  A river rat (Sewer)
  A shadow imp (D:9)
  3 oozes
  2 adder skeletons (D:6)
  4 worms
  5 leopard geckos
  35 orcs
  3 ball pythons (Sewer)
  8 giant cockroaches
  8 goblins
  6 hobgoblins
  5 jackals
  A quokka (D:6)
  10 bats
  3 frilled lizards
  A jackal skeleton (D:5)
  18 kobolds
  2 quokka skeletons
  10 rats
  2 plants
493 creatures vanquished.

Vanquished Creatures (others)
  17 fungi
  26 plants
43 creatures vanquished.

Grand Total: 536 creatures vanquished

Notes
Turn   | Place    | Note
-------+----------+-------------------------------------------
     0 | D:1      | Bluestream the Minotaur Berserker began the quest for the
                  | Orb.
     0 | D:1      | Reached XP level 1. HP: 19/19 MP: 0/0
   465 | D:1      | Reached XP level 2. HP: 27/27 MP: 1/1
   971 | D:2      | Reached ** piety under Trog
  1109 | D:2      | Noticed Jessica
  1118 | D:2      | Killed Jessica
  1118 | D:2      | Reached XP level 3. HP: 33/34 MP: 2/2
  1122 | D:2      | Reached skill level 1 in Shields
  1277 | D:2      | Reached XP level 4. HP: 40/41 MP: 3/3
  1856 | D:3      | Found a runed translucent gate.
  1857 | D:3      | Found a runed translucent gate.
  1858 | D:3      | Found a runed translucent gate.
  1859 | D:3      | Noticed Descartes's ghost (weakling FeMo)
  1859 | D:3      | Noticed Xerdoz's ghost (amateur GrFi)
  1876 | D:3      | Killed Descartes's ghost
  1878 | D:3      | Killed Xerdoz's ghost
  1878 | D:3      | Reached skill level 5 in Fighting
  1878 | D:3      | Reached skill level 5 in Maces & Flails
  1878 | D:3      | Reached XP level 5. HP: 41/48 MP: 4/4
  2325 | D:4      | Reached XP level 6. HP: 41/56 MP: 5/5
  2376 | D:4      | Found a staircase to the Ecumenical Temple.
  2734 | D:4      | Found a glowing drain.
  2750 | Sewer    | Entered a sewer
  3048 | Sewer    | Reached *** piety under Trog
  3062 | Sewer    | Reached XP level 7. HP: 58/63 MP: 6/6
  3714 | D:5      | Entered Level 5 of the Dungeon
  3852 | D:5      | Found Jocaar's Book Emporium.
  4007 | D:5      | Found Angaply's Assorted Antiques.
  4030 | D:5      | Found Xecoasito's Magic Scroll Boutique.
  4084 | D:5      | Found Zecikhli's General Store.
  4359 | D:5      | Found Gekhic's Food Shop.
  4607 | D:6      | Noticed Edmund
  4614 | D:6      | Killed Edmund
  4691 | D:6      | Found Cugaxet's Armour Emporium.
  4825 | D:6      | Reached XP level 8. HP: 47/73 MP: 7/7
  4914 | D:6      | Found a sparkling altar of Nemelex Xobeh.
  4914 | D:6      | Found a burning altar of Makhleb.
  4933 | D:6      | Noticed Menkaure
  4944 | D:6      | Killed Menkaure
  4944 | D:6      | Reached skill level 5 in Armour
  5013 | D:6      | Found a bloodstained altar of Trog.
  5298 | D:6      | Found a runed translucent door.
  5299 | D:6      | Noticed Crazy Yiuf
  5363 | D:6      | Got a faintly humming leather armour
  5375 | D:6      | Identified the cursed +0 leather armour of the Wilderness
                  | {rElec rN+} (You found it on level 6 of the Dungeon)
  5553 | D:6      | Killed Crazy Yiuf
  5553 | D:6      | Reached skill level 5 in Dodging
  5617 | D:7      | Reached **** piety under Trog
  5839 | D:7      | Reached XP level 9. HP: 54/82 MP: 8/8
  5903 | D:7      | Noticed Dowan
  5904 | D:7      | Noticed Duvessa
  5922 | D:7      | Killed Duvessa
  5922 | D:7      | Reached skill level 5 in Shields
  5952 | D:7      | Killed Dowan
  6051 | D:7      | Found a hazy altar of Hepliaklqana.
  6051 | D:7      | Found a radiant altar of Vehumet.
  6051 | D:7      | Found a bloodstained altar of Trog.
  6329 | D:7      | Noticed Pikel
  6356 | D:7      | Killed Pikel
  7046 | D:8      | Found a shadowy altar of Dithmenos.
  7049 | D:8      | Found a snail-covered altar of Cheibriados.
  7052 | D:8      | Found a shimmering blue altar of Sif Muna.
  7779 | D:9      | Reached skill level 10 in Fighting
  7779 | D:9      | Reached XP level 10. HP: 90/93 MP: 9/9
  7831 | D:9      | Reached skill level 10 in Maces & Flails
  8148 | D:9      | Found an ornate altar of the Wu Jian Council.
  8278 | D:9      | Reached ***** piety under Trog
  8599 | D:10     | Entered Level 10 of the Dungeon
  8684 | D:10     | You fall into a shaft and drop 3 floors!
  8691 | D:13     | Noticed a cyclops
  8699 | D:13     | Killed a cyclops
  8876 | D:11     | Noticed a two-headed ogre
  8885 | D:11     | Killed a two-headed ogre
  9333 | D:10     | Found a staircase to the Orcish Mines.
  9592 | D:10     | Reached XP level 11. HP: 98/102 MP: 10/10
  9868 | D:10     | Received a gift from Trog
  9921 | Orc:1    | Entered Level 1 of the Orcish Mines
  9921 | Orc:1    | Noticed an orc knight
  9991 | D:11     | Noticed a two-headed ogre
 10007 | D:11     | Killed a two-headed ogre
 10665 | D:11     | Found a staircase to the Lair.
 11062 | D:11     | Killed an unseen horror
 11435 | D:12     | Found a runed translucent gate.
 11435 | D:12     | Found a runed translucent gate.
 11435 | D:12     | Found a runed translucent gate.
 11438 | D:12     | Noticed Johnny's ghost (journeyman DgEE)
 11441 | D:12     | Found a roughly hewn altar of Beogh.
 11441 | D:12     | Identified the +8 battleaxe "Jelly's Bane" {flame, *Corrode
                  | rC+ MP+9 Int+2}
 11441 | D:12     | Identified the +6 plate armour of the Jolly Gods {-Cast rN+
                  | MR+ Int+3}
 11441 | D:12     | Noticed an orc knight
 11443 | D:12     | Identified the +7 hand crossbow of the Known World {flame,
                  | rElec MR+ Dex-2 SInv}
 11581 | Lair:1   | Entered Level 1 of the Lair of Beasts
 11650 | Lair:1   | Noticed a four-headed hydra
 11662 | Lair:1   | Killed a four-headed hydra
 12088 | Lair:1   | Reached XP level 12. HP: 101/113 MP: 11/11
 12311 | Lair:1   | Found a shattered altar of Ashenzari.
 13073 | Lair:2   | Received a gift from Trog
 13741 | Lair:2   | Found a staircase to the Snake Pit.
 14139 | Lair:3   | Noticed Fannar
 14145 | Lair:3   | Killed Fannar
 14145 | Lair:3   | Reached skill level 10 in Armour
 14519 | Lair:3   | Noticed a catoblepas
 14876 | Lair:3   | Killed a catoblepas
 14922 | Lair:3   | Noticed a four-headed hydra
 14932 | Lair:3   | Killed a four-headed hydra
 15171 | Lair:3   | Found a basalt altar of Yredelemnul.
 15201 | Lair:3   | Noticed a four-headed hydra
 15207 | Lair:3   | Killed a four-headed hydra
 15694 | Lair:4   | Found a staircase to the Shoals.
 15782 | Lair:4   | Reached XP level 13. HP: 79/124 MP: 12/12
 16562 | Lair:4   | HP: 2/187 [death yak (12)]
 17157 | Lair:5   | Reached skill level 10 in Dodging
 17242 | Lair:5   | You fall into a shaft and drop 1 floor!
 17242 | Lair:6   | Entered Level 6 of the Lair of Beasts
 17266 | Lair:6   | Received a gift from Trog
 18084 | Lair:5   | Reached skill level 15 in Fighting
 18255 | Lair:6   | Found a runed translucent door.
 18256 | Lair:6   | Noticed a fire dragon
 18314 | Lair:6   | Killed a fire dragon
 18314 | Lair:6   | Reached skill level 15 in Maces & Flails
 18402 | Lair:6   | Paralysed by a hornet for 2 turns
 18427 | Lair:6   | Paralysed by a hornet for 2 turns
 18457 | Lair:6   | HP: 5/127 [lindwurm (7)]
 20690 | Lair:6   | Reached XP level 14. HP: 125/136 MP: 13/13
 21582 | Lair:6   | Found a viscous altar of Jiyva.
 21582 | Lair:6   | Found a staircase to the Slime Pits.
 22197 | Lair:6   | Received a gift from Trog
 23034 | Orc:2    | Entered Level 2 of the Orcish Mines
 23125 | Orc:2    | Paralysed by an orc sorcerer for 3 turns
 23136 | Orc:2    | Paralysed by an orc sorcerer for 5 turns
 23137 | Orc:2    | Mangled by a sun demon

Levels and vault maps discovered:
D:1:      dpeg_arrival_ternary, layout_loops_ring
D:2:      layout_basic, minmay_stone_trees_medium,
          hangedman_abyss_or_decor_lesser_grid, uniq_jessica
D:3:      layout_loops_ring, gammafunk_ghost_cemetery, minivault_25,
          kennysheep_generic_room_10
D:4:      cheibrodos_helix_gallery, layout_gridville, temple_statues,
          gup_sewer_entry_pipe, first_ration
D:5:      layout_gridville, serial_shops, shop,
          nicolae_shop_temple_entry_statues_fountains,
          nicolae_shop_window_shopping, shop, shop
D:6:      layout_basic, gammafunk_temple_overflow_wave, serial_shops,
          kennysheep_mini_moat, trog_book, uniq_edmund, uniq_menkaure,
          uniq_crazy_yiuf_cottage
D:7:      layout_basic, chequers_temple_overflow_statue_of_worship,
          mrwooster_statue_mirror, minivault_27, uniq_pikel, uniq_duvessa
D:8:      layout_gridville, grunt_temple_overflow_diamond
D:9:      layout_loops_cross, basic_altar
D:10:     layout_loops_ring, david_orc_3
D:11:     layout_roguey, minmay_lair_entry_grove
D:12:     layout_stronghold, biasface_ghost_orc_armoury, hangedman_fish_farm
D:13:     layout_gridville, uniq_maurice
Lair:1:   layout_regular_city, basic_altar, grunt_megastairs_5
Lair:2:   layout_gridlike, guppyfry_snake_entry_island, disabler_island,
          serial_bayou_shore_b
Lair:3:   layout_loops_ring, lemuel_oklob_altar, minmay_lair_oklob_chamber,
          uniq_fannar
Lair:4:   layout_concentric_octagons, shoals_dummy_entry, lemuel_fruit_tree,
          serial_bayou_shore_a
Lair:5:   layout_roguey, grunt_megastairs_3
Lair:6:   wormcave, layout_long_grid, hangedman_lair_tendril_chambers,
          slime_altar_1
Orc:1:    layout_caves, basic_altar, serial_shops, nicolae_shop_waterfront,
          uniq_erolcha
Orc:2:    st_orc_mages, layout_caves

Skill      XL: |  1  2  3  4  5  6  7  8  9 10 11 12 13 14 |
---------------+-------------------------------------------+-----
Fighting       | 4 5 6 7 8 10 11 12 14 15 16 | 16.3
Maces & Flails | 4 5 7 8 9 11 12 14 15 16 | 16.3
Armour         | 3 4 5 6 8 9 10 11 12 | 12.1
Shields        | 1 2 3 4 6 7 8 9 |  9.3
Dodging        | 3 4 5 6 7 8 9 10 11 | 11.1

Action                   |  1- 3 |  4- 6 |  7- 9 | 10-12 | 13-15 || total
-------------------------+-------+-------+-------+-------+-------++-------
Melee: Mace              |    72 |   130 |    51 |       |   205 ||   458
       Headbutt          |     9 |    18 |    63 |   159 |   138 ||   387
       Flail             |       |       |   261 |   518 |       ||   779
       Great mace        |       |       |       |   113 |   336 ||   449
Invok: Berserk           |     1 |     2 |     6 |     7 |     8 ||    24
  Use: Scroll            |       |       |     9 |     7 |    15 ||    31
       Potion            |       |       |       |       |     2 ||     2
 Stab: Petrified         |       |       |       |     1 |       ||     1
  Eat: Chunk             |     2 |     4 |    10 |    17 |    15 ||    48
       Ration            |       |     1 |     3 |     5 |     4 ||    13
Armor: Ring mail         |    25 |    47 |    24 |       |       ||    96
       Plate armour      |       |       |   123 |   304 |   318 ||   745
Dodge: Dodged            |    22 |    57 |    93 |   208 |   294 ||   674
Block: Shield            |    34 |    70 |   156 |   257 |    93 ||   610
